 Dungeon Crawl Stone Soup version 0.28.0-55-gcd9437bce4 (webtiles) character file.

Game seed: 5877991618317761043

145 Atelerd the Sneak (level 5, -2/31 HPs)
             Began as an Octopode Earth Elementalist on Oct 12, 2022.
             Slain by an ogre
             ... wielding a +0 giant club
              (21 damage)
             ... on level 4 of the Dungeon on Dec 4, 2022.
             The game lasted 00:05:54 (3581 turns).

Atelerd the Sneak (Octopode Earth Elementalist)     Turns: 3581, Time: 00:05:54

Health: -2/31      AC:  1    Str:  7    XL:     5   Next: 27%
Magic:  1/9        EV: 13    Int: 20    God:
Gold:   146        SH:  0    Dex: 12    Spells: 4/9 levels left

rFire   . . .      SeeInvis .   f - +0 short sword (drain)
rCold   . . .      Faith    .   (no shield)
rNeg    . . .      Spirit   .   (helmet restricted)
rPois   .          Reflect  .   (no amulet)
rElec   .          Harm     .   (no ring)
rCorr   .          Rampage  .   (no ring)
Will    .....                   (no ring)
Stlth   +++.......              (no ring)
HPRegen 0.10/turn               (no ring)
MPRegen 0.11/turn               (no ring)
                                (no ring)
                                (no ring)

@: very slightly contaminated
A: almost no armour, amphibious, 8 rings, camouflage 1, gelatinous body 1,
(nimble swimmer 1), tentacles
a: no special abilities


You were on level 4 of the Dungeon.
You visited 1 branch of the dungeon, and saw 4 of its levels.

You collected 146 gold pieces.

Inventory:

Hand Weapons
 d - a +0 mace
 f - a +0 short sword of draining (weapon)
Missiles
 b - 115 stones
Wands
 h - a wand of iceblast (4)
Scrolls
 a - a scroll of silence {unknown}
 c - a scroll of teleportation
 e - a scroll of blinking {unknown}
 g - a scroll of noise {unknown}
 i - a scroll of fog {unknown}
 j - a scroll of identify {unknown}
Potions
 k - a potion of invisibility {unknown}
 l - a potion of curing {unknown}
 m - a potion of berserk rage {unknown}


   Skills:
 + Level 2.9 Dodging
 + Level 4.1 Stealth
 + Level 2.8 Spellcasting
 + Level 2.2 Transmutations
 + Level 3.6 Earth Magic


You had 4 spell levels left.
You knew the following spells:

 Your Spells              Type           Power      Damage    Failure   Level
a - Sandblast             Erth           34%        2d9       3%          1
p - Petrify               Tmut/Erth      14%        N/A       41%         4

Your spell library contained the following spells:

 Spells                   Type           Power      Damage    Failure   Level
 Passwall                 Tmut/Erth      11%        N/A       7%          2
 Stone Arrow              Conj/Erth      20%        3d8       21%         3


Dungeon Overview and Level Annotations

Branches:
Dungeon (4/15)
 Temple: D:4-7

Altars:

Annotations:
D:3 exclusion: downstairs
D:4 3 runed translucent doors, daba11's ghost, amateur MiBe


Innate Abilities, Weirdness & Mutations

You cannot wear most types of armour.
You are amphibious.
You can wear up to eight rings at the same time.
Your skin changes colour to match your surroundings (Stealth+).
Your rubbery body absorbs attacks. (AC +1, EV +1)
((You are camouflaged when in or above water. (Stealth+)))
You have tentacles for arms and can constrict up to eight enemies at once.


Message History

The spell is potentially lethal to miscast (41% risk of failure)!
Continue anyway?
Aiming: Petrify (potentially lethal; 41% risk of failure)
Press: ? - help, Shift-Dir - straight line, f/p - ogre
Aim: an ogre, wielding a +0 giant club (chance to affect: 48%)
You miscast Petrify.
You feel a strange surge of energy.
There is a stone staircase leading up here.
You climb upwards.
There is a stone staircase leading down here.
There is a stone staircase leading down here.
You climb downwards.
Level annotation: 3 runed translucent doors, daba11's ghost, amateur MiBe
Found a purple potion and a tubular peridot ring.
Found an escape hatch in the floor.
There is a stone staircase leading up here.
You start resting.
A quokka is nearby!
Found 13 gold pieces.
You barely miss the quokka. Your grab misses the quokka. The quokka bites you.
You closely miss the quokka. You grab the quokka. You constrict the quokka.
The quokka bites you.
You hit the quokka.
The quokka is severely wounded.
You constrict the quokka. The quokka bites you.
You hit the quokka.
You kill the quokka!
You start resting.
An ogre is nearby!
An ogre is nearby!
The ogre shouts!
Casting: Petrify (potentially lethal; 41% risk of failure)
Confirm with . or Enter, or press ? or * to list all spells.
The spell is potentially lethal to miscast (41% risk of failure)!
Continue anyway?
Aiming: Petrify (potentially lethal; 41% risk of failure)
Press: ? - help, Shift-Dir - straight line, f - ogre
Aim: an ogre, wielding a +0 giant club (chance to affect: 48%)
You miscast Petrify.
Sand pours from your tentacles.
There is a stone staircase leading up here.
The ogre hits you with a +0 giant club!!
Ouch! That really hurt!
You die...

..#....##.......#
...#.....#........
.....#......#.....
##
=....#............
.....
..................
.....
.....!...........
#.#...
...............$.
......
.###....†....##.
..... #.@.......#
..# #O...........
..# ...........###
..#
...............
.#...#
............>..#..
...#..
...............#..
......
..........#.....
##....
..........##..#
....


You could see an ogre.

Vanquished Creatures
  An orc wizard (D:3)
  4 adders (D:2)
  A white imp (D:3)
  3 worms (D:2)
  6 orcs
  3 ball pythons
  4 endoplasms
  A giant cockroach (D:1)
  2 goblins (D:2)
  6 hobgoblins
  4 jackals (D:3)
  7 kobolds
  3 quokkas
  4 bats
  3 frilled lizards
  12 rats
64 creatures vanquished.

Notes
Turn   | Place    | Note
-------+----------+-------------------------------------------
     0 | D:1      | Atelerd the Octopode Earth Elementalist began the quest for
                  | the Orb.
     0 | D:1      | Reached XP level 1. HP: 11/11 MP: 3/3
   123 | D:1      | Upgraded the game from 0.28.0-53-g5a82cb258f to
                  | 0.28.0-55-gcd9437bce4
   611 | D:1      | Reached XP level 2. HP: 17/17 MP: 5/5
   636 | D:1      | Reached skill level 3 in Stealth
  1133 | D:1      | Found a faded altar of an unknown god.
  1419 | D:2      | Reached XP level 3. HP: 19/21 MP: 0/6
  1896 | D:2      | Reached XP level 4. HP: 21/27 MP: 4/7
  2746 | D:3      | Reached XP level 5. HP: 6/31 MP: 1/9
  2756 | D:3      | Reached skill level 4 in Stealth
  3236 | D:3      | Learned a level 4 spell: Petrify
  3257 | D:4      | Found a runed translucent gate.
  3257 | D:4      | Found a runed translucent gate.
  3257 | D:4      | Found a runed translucent gate.
  3258 | D:4      | Noticed daba11's ghost (amateur MiBe)
  3503 | D:4      | Noticed an ogre
  3581 | D:4      | Slain by an ogre

Illustrated notes

Levels and vault maps discovered:
D:1:      dpeg_arrival_lava_temple_mockup, layout_basic,
          shapermc_ecumenical_altar_mp_vishouse
D:2:      layout_loops_cross, minmay_cut_off
D:3:      lemuel_castle_with_subvaults [lemuel_castle_interior_carwin_2],
          layout_rooms
D:4:      layout_cave_pools, gammafunk_ghost_necromancy,
          nicolae_inconvenience_store, nicolae_figureground_pulse,
          uniq_crazy_yiuf_cottage

Skill      XL: |  1  2  3  4  5 |
---------------+----------------+-----
Stealth        | 3 4 |  4.1
Transmutations | 2 |  2.2
Dodging        | |  2.9
Spellcasting   | |  2.8
Earth Magic    | |  3.6

Action                   |  1- 3 |  4- 6 || total
-------------------------+-------+-------++-------
Melee: Mace              |    16 |       ||    16
       Unarmed           |     4 |       ||     4
       Constrict         |     8 |     6 ||    14
       Tentacles         |     9 |     4 ||    13
       Punch             |     1 |     1 ||     2
       Short sword       |    16 |    21 ||    37
 Cast: Sandblast         |    29 |    23 ||    52
Evoke: Wand              |       |     4 ||     4
  Use: Scroll            |     1 |       ||     1
       Potion            |       |     1 ||     1
 Stab: Sleeping          |     7 |     5 ||    12
Armor: Skin              |     4 |     3 ||     7
Dodge: Dodged            |    25 |    22 ||    47
